 Dungeon Crawl Stone Soup version 0.30.0-5-g1a98f26d00 (webtiles) character file.

Game seed: 11184012372860979995

539 Kranky the Shield-Bearer (level 7, -1/70 HPs)
             Began as a Troll Fighter on May 13, 2023.
             Succumbed to a water moccasin's poison
             ... in a sewer.
             The game lasted 00:04:44 (2379 turns).

Kranky the Shield-Bearer (Troll Fighter)            Turns: 2379, Time: 00:04:44

Health: -1/70      AC:  5    Str: 25    XL:     7   Next: 5%
Magic:  6/6        EV:  9    Int:  6    God:
Gold:   153        SH:  8    Dex:  9    Spells: 6/6 levels left

rFire   . .          .
                       - Unarmed
rCold   + . .        b - +0 kite shield
rNeg    . . .        a - +0 robe
rPois   .            (helmet restricted)
rElec   .            m - +0 cloak
rCorr   .            (gloves unavailable)
SInv    .            (boots unavailable)
Will    .....        (no amulet)
Stlth   +            s - ring of protection from cold
HPRegen 1.11/turn    t - ring of flight
MPRegen 0.10/turn

%: no passive effects
@: lethally poisoned (-1 -> -14), flying
A: large, unfitting armour, claws 3, regeneration 1, shaggy fur 1, tough skin 1
a: no special abilities


You were in a sewer.
You visited 1 branch of the dungeon, and saw 4 of its levels.
You also visited: Sewer.

You collected 153 gold pieces.

Inventory:

Armour
 a - a +0 robe (worn)
 b - a +0 kite shield (worn)
 m - a +0 cloak (worn)
Jewellery
 r - a ring of magical power
 s - a ring of protection from cold (left claw)
 t - a ring of flight (right claw)
Wands
 l - a wand of flame (15)
Scrolls
 d - a scroll of identify {unknown}
 e - 3 scrolls of silence {unknown}
 f - 2 scrolls of fear {unknown}
 i - a scroll of immolation {unknown}
 k - a scroll of teleportation {unknown}
 p - 2 scrolls of poison {unknown}
 q - a scroll of enchant weapon {unknown}
 u - 2 scrolls of enchant armour {unknown}
 v - a scroll of magic mapping {unknown}
 x - 2 scrolls of vulnerability {unknown}
 y - a scroll of blinking {unknown}
 B - a scroll of amnesia {unknown}
Potions
 c - 3 potions of might
 g - a potion of attraction {unknown}
 h - a potion of brilliance {unknown}
 j - a potion of ambrosia {unknown}
 n - a potion of flight {unknown}
 o - 2 potions of invisibility {unknown}
 w - 2 potions of cancellation {unknown}
 z - 2 potions of curing
 A - a potion of lignification {unknown}
 C - a potion of haste {unknown}


   Skills:
 + Level 4.3 Fighting
 - Level 2.4 Dodging
 + Level 4.8 Shields
 + Level 4.6 Unarmed Combat


You had 6 spell levels left.
You didn't know any spells.
Your spell library contained the following spells:

 Spells                   Type           Power      Damage    Failure   Level
 Dazzling Flash           Conj/Hex       0%         N/A       96%         3
 Agony                    Necr           0%         N/A       100%        5
 Silence                  Hex/Air        0%         N/A       100%        5


Dungeon Overview and Level Annotations

Branches:
Dungeon (4/15)              Sewer (1/1)
 Temple: D:4-7

Altars:
Kikubaaqudgha
Zin


Innate Abilities, Weirdness & Mutations

You are too large for most types of armour.
You have claws for hands.
Your natural rate of healing is unusually fast.
You are covered in fur. (AC +1)
You have tough skin. (AC +1)


Message History

You are too injured to fight recklessly!
You are too injured to fight recklessly!
You are too injured to fight recklessly!
You are too injured to fight recklessly!
You are too injured to fight recklessly!
You scratch the water moccasin but do no damage.
The water moccasin is severely wounded.
You feel very sick. The water moccasin closely misses you.
You miss the water moccasin.
The water moccasin is severely wounded.
You feel very sick.
The water moccasin bites you but does no damage.
The water moccasin bites you.
* * * LOW HITPOINT WARNING * * *
You are more poisoned.
The water moccasin poisons you!
You barely miss the water moccasin.
The water moccasin is severely wounded.
* * * LOW HITPOINT WARNING * * *
You feel very sick. The water moccasin barely misses you.
Unknown command.
You barely miss the water moccasin.
The water moccasin is severely wounded.
* * * LOW HITPOINT WARNING * * *
You feel very sick. You block the water moccasin's attack.
The water moccasin bites you.
* * * LOW HITPOINT WARNING * * *
You are more poisoned.
The water moccasin poisons you!
You completely miss the water moccasin.
The water moccasin is severely wounded.
* * * LOW HITPOINT WARNING * * *
You feel extremely sick.
The water moccasin bites you but does no damage.
Unknown command.
You closely miss the water moccasin.
The water moccasin is severely wounded.
You die...

###### # ##.~..~.## #)
###... ..~..###
#/~##...~ #~.~~.###
###.~~.. #.~...##
#...~.~## ##.....~
#..S@.### ###.....##
#$~##.....####.~~..###
###..~.~..~~.###
###......### ########


You could see a water moccasin.

Vanquished Creatures
  Sigmund (D:2)
  A phantom (D:4)
  A jelly (D:4)
  2 hounds
  Crazy Yiuf (D:2)
  Terence (D:2)
  4 gnolls (D:2)
  3 adders
  2 dart slugs
  4 orcs (D:3)
  4 bats
  8 endoplasms
  3 giant cockroaches
  12 goblins
  6 hobgoblins
  8 jackals
  4 quokkas
  10 ball pythons
  2 frilled lizards
  6 kobolds
  5 rats
88 creatures vanquished.

Notes
Turn   | Place    | Note
-------+----------+-------------------------------------------
     0 | D:1      | Kranky the Troll Fighter began the quest for the Orb.
     0 | D:1      | Reached XP level 1. HP: 22/22 MP: 0/0
    67 | D:1      | Reached XP level 2. HP: 29/29 MP: 1/1
   349 | D:1      | Found a faded altar of an unknown god.
   588 | D:2      | Reached XP level 3. HP: 31/36 MP: 2/2
   606 | D:2      | Reached XP level 4. HP: 35/45 MP: 3/3
   766 | D:2      | Noticed Terence
   772 | D:2      | Killed Terence
  1017 | D:2      | Found an ancient bone altar of Kikubaaqudgha.
  1065 | D:2      | Noticed Sigmund
  1080 | D:2      | Killed Sigmund
  1081 | D:2      | Reached XP level 5. HP: 54/54 MP: 4/4
  1081 | D:2      | Reached XP level 6. HP: 62/62 MP: 5/5
  1092 | D:2      | Found a runed translucent door.
  1093 | D:2      | Noticed Crazy Yiuf
  1255 | D:2      | Killed Crazy Yiuf
  2190 | D:4      | Found a glowing silver altar of Zin.
  2246 | D:4      | Reached XP level 7. HP: 70/70 MP: 6/6
  2286 | D:4      | Found a glowing drain.
  2294 | Sewer    | Entered a sewer
  2378 | Sewer    | HP: 3/70 [poisoned by a water moccasin]
  2379 | Sewer    | Succumbed to a water moccasin's poison

Illustrated notes

Levels and vault maps discovered:
D:1:      dreamdust_arrival_sigmund_warning, layout_basic,
          ebering_ecumenical_altar_mist
D:2:      layout_loops_ring, basic_altar, minivault_14, uniq_sigmund,
          uniq_terence, uniq_crazy_yiuf_cottage
D:3:      kennysheep_the_goblin_king, layout_basic
D:4:      layout_rooms, mainiacjoe_overflow_six_doors_small,
          gup_sewer_entry_bubbles
Sewer:    sewer_the_moccasin

Skill      XL: |  1  2  3  4  5  6 |
---------------+-------------------+-----
Shields        | 3 4 |  4.8
Fighting       | 3 4 |  4.3
Unarmed Combat | 3 4 |  4.6
Dodging        | |  2.4

Action                     |  1- 3 |  4- 6 |  7- 9 || total
---------------------------+-------+-------+-------++-------
  Melee: Unarmed           |    70 |   155 |    42 ||   267
 Armour: Robe              |    22 |    38 |    11 ||    71
  Dodge: Dodged            |    20 |    40 |    21 ||    81
  Block: Kite shield       |    27 |    46 |    17 ||    90
